 Dungeon Crawl Stone Soup version 0.27-a0-1219-g958d993ae5 (webtiles) character file.

Game seed: 6943154059076599973

32 polve the Cutter (level 3, 0/29 HPs)
             Began as a Demonspawn Abyssal Knight on June 6, 2021.
             Was a Follower of Lugonu.
             Slain by a worm (6 damage)
             ... on level 2 of the Dungeon.
             The game lasted 00:00:41 (1182 turns).

polve the Cutter (Demonspawn Abyssal Knight)        Turns: 1182, Time: 00:00:41

Health: 0/29       AC:  5    Str: 13    XL:     3   Next: 10%
Magic:  4/4        EV: 11    Int: 13    God:    Lugonu [*.....]
Gold:   39         SH:  0    Dex: 12    Spells: 2/2 levels left

rFire    . . .     SeeInvis .   a - +1 short sword
rCold    . . .     Faith    .   (no shield)
rNeg     . . .     Spirit   .   b - +0 leather armour
rPois    .         Reflect  .   (no helmet)
rElec    .         Harm     .   (no cloak)
rCorr    .         Rampage  .   (no gloves)
Will     .....                  (no boots)
Stlth    +.........             (no amulet)
HPRegen  0.09/turn              (no ring)
MPRegen  0.09/turn              (no ring)

@: no status effects
A: thin metallic scales 1
a: Renounce Religion, Depart the Abyss


You were on level 2 of the Dungeon.
You worshipped Lugonu.
Lugonu was aware of your devotion.
You visited 1 branch of the dungeon, and saw 2 of its levels.
You visited the Abyss 1 time.

You collected 39 gold pieces.

Inventory:

Hand Weapons
 a - a +1 short sword (weapon)
Armour
 b - a +0 leather armour (worn)
Scrolls
 d - 3 scrolls of identify {unknown}
 f - a scroll of teleportation {unknown}
Potions
 c - 2 potions of mutation {unknown}
 e - 2 potions of curing {unknown}


   Skills:
 - Level 3.0 Fighting
 + Level 3.3 Short Blades
 - Level 1.7 Armour
 - Level 0.8 Dodging
 - Level 2.4 Invocations


You had 2 spell levels left.
You didn't know any spells.
Your spell library was empty.

Dungeon Overview and Level Annotations

Branches:
Dungeon (2/15)

Altars:

Shops:
D:1 (


Innate Abilities, Weirdness & Mutations

You are partially covered in thin metallic scales. (AC +2)


Message History

You are too injured to fight recklessly!
You are too injured to fight recklessly!
You are too injured to fight recklessly!
You are too injured to fight recklessly!
There are monsters nearby!
There are monsters nearby!
You hit the worm.
The worm is moderately wounded.
The worm bites you but does no damage.
You hit the worm.
The worm is moderately wounded.
You hit the worm.
The worm is severely wounded.
The dart slug bites you. The worm bites you. The dart slug barely misses you.
You hit the dart slug.
The dart slug is heavily wounded.
You hit the dart slug.
The dart slug is almost dead.
The dart slug bites you.
You hit the dart slug.
You kill the dart slug!
Lugonu accepts your kill. The worm bites you!
* * * LOW HITPOINT WARNING * * *
There is an open door here.
You swing at nothing.
You swing at nothing.
You hit the worm.
The worm is moderately wounded.
You hit the worm.
The worm is heavily wounded.
The worm bites you.
* * * LOW HITPOINT WARNING * * *
You completely miss the worm.
The worm is heavily wounded.
You barely miss the worm.
The worm is heavily wounded.
The worm bites you.
You die...

#...†..#.######.
#....#.#.#......
###......#.#.####.
.................. .
####......†.#..###. ..
................... ...
###..#.#.#.#...... ....
#########.#.#.###.### ....)
#..w@.....#.#........
......##'#########.#####.###
#....# #.....###.... #....#
#...........# #....#
#.....###...# #....# #.....#
##..# #....# ###'#.# ..#
#....# #.#.# ... #....#
#.#.# ..#


You could see a worm.

Vanquished Creatures
  An adder (D:2)
  3 dart slugs
  A ball python (D:2)
  3 bats (D:1)
  2 giant cockroaches
  A goblin (D:1)
  A hobgoblin (D:2)
  A kobold (D:1)
  2 frilled lizards
  3 rats (D:1)
18 creatures vanquished.

Notes
Turn   | Place    | Note
-------+----------+-------------------------------------------
     0 | Abyss:1  | polve the Demonspawn Abyssal Knight began the quest for the
                  | Orb.
     0 | Abyss:1  | Reached XP level 1. HP: 18/18 MP: 2/2
    53 | Abyss:1  | Noticed a large abomination
    57 | Abyss:1  | Noticed a red draconian
    58 | Abyss:1  | Noticed a large abomination
    59 | D:1      | Escaped the Abyss
   197 | D:1      | Found Coviuxzoush's Antique Weapon Shop.
   614 | D:1      | Gained mutation: You are partially covered in thin metallic
                  | scales. (AC +2) [demonic ancestry]
   614 | D:1      | Reached XP level 2. HP: 18/24 MP: 3/3
   766 | D:1      | Found a faded altar of an unknown god.
  1140 | D:2      | Reached XP level 3. HP: 29/29 MP: 4/4
  1144 | D:2      | Reached * piety under Lugonu
  1182 | D:2      | Slain by a worm

Illustrated notes

Levels and vault maps discovered:
D:1:      denvon_arrival_planthouse, layout_rooms, serial_shops,
          nicolae_shop_overgrown_old_shop, shapermc_ecumenical_altar_venn,
          st_stairs_14
D:2:      layout_basic

Skill      XL: |  1  2 |
---------------+-------+-----
Short Blades   | 2 3 |  3.3
Fighting       | |  3.0
Armour         | |  1.7
Dodging        | |  0.8
Invocations    | |  2.4

Action                   || total
-------------------------++-------
Melee: Short sword       ||    58
Invok: Depart the Abyss  ||     1
Armor: Leather armour    ||    22
Dodge: Dodged            ||    24

Table legend: (Time is in decaauts)
 A = Elapsed time spent in this place.
 B = Non-inter-level travel time spent in this place.
 C = Inter-level travel time spent in this place.
 D = Time resting spent in this place.
 E = Time spent auto-exploring this place.
 F = Levels seen in this place.
 G = Mean time per level.
                   A        B        C        D        E       F      G
               +--------+--------+--------+--------+--------+-----+--------+
         Total |   1179 |   1154 |     25 |      0 |   1015 |   3 |  393.0 |
       Dungeon |   1120 |   1095 |     25 |      0 |    963 |   2 |  560.0 |
         Abyss |     59 |     59 |      0 |      0 |     52 |   1 |   59.0 |
               +--------+--------+--------+--------+--------+-----+--------+

Top non-repeatable levels by time:
     D:1: 857 daAuts
     D:2: 263 daAuts
 Abyss:1: 59 daAuts
